 Dungeon Crawl Stone Soup version 0.28-a0-697-g47f3eba078 (webtiles) character file.

Game seed: 4250525812281446547

32 Gwenloh the Skirmisher (level 3, 0/29 HPs)
             Began as a Human Fighter on Oct 24, 2021.
             Succumbed to an adder's poison
             ... on level 2 of the Dungeon.
             The game lasted 00:02:14 (1099 turns).

Gwenloh the Skirmisher (Human Fighter)              Turns: 1099, Time: 00:02:14

Health: 0/29       AC:  6    Str: 16    XL:     3   Next: 42%
Magic:  3/3        EV:  9    Int:  8    God:
Gold:   93         SH:  4    Dex: 13    Spells: 2/2 levels left

rFire   . . .      SeeInvis .   a - +0 long sword
rCold   . . .      Faith    .   c - +0 buckler
rNeg    . . .      Spirit   .   b - +0 scale mail
rPois   .          Reflect  .   (no helmet)
rElec   .          Harm     .   (no cloak)
rCorr   .          Rampage  .   (no gloves)
Will    .....                   (no boots)
Stlth   ..........              (no amulet)
HPRegen 0.09/turn               (no ring)
MPRegen 0.08/turn               (no ring)

@: mighty, lethally poisoned (0 -> -4)
A: no striking features
a: no special abilities


You were on level 2 of the Dungeon.
You visited 1 branch of the dungeon, and saw 2 of its levels.

You collected 93 gold pieces.

Inventory:

Hand Weapons
 a - a +0 long sword (weapon)
Missiles
 k - 17 stones (quivered)
Armour
 b - a +0 scale mail (worn)
 c - a +0 buckler (worn)
Scrolls
 e - a scroll of vulnerability {unknown}
 g - a scroll of immolation {unknown}
 h - a scroll of fog {unknown}
 j - a scroll of magic mapping {unknown}
Potions
 f - 2 potions of invisibility {unknown}
 i - a potion of cancellation {unknown}


   Skills:
 + Level 3.2 Fighting
 * Level 2.7 Long Blades
 + Level 3.2 Armour
 + Level 3.2 Shields


You had 2 spell levels left.
You didn't know any spells.
Your spell library was empty.

Dungeon Overview and Level Annotations

Branches:
Dungeon (2/15)

Altars:
Trog


Message History

The adder is heavily wounded.
You feel very sick. The adder bites you but does no damage.
You barely miss the adder.
The adder is heavily wounded.
You feel sick. The adder barely misses you. x2
You miss the adder.
The adder is heavily wounded.
You feel sick.
The adder bites you but does no damage. x2
You hit the adder.
The adder is severely wounded.
You feel sick. The adder bites you but does no damage.
You closely miss the adder.
The adder is severely wounded.
You feel sick. You block the adder's attack.
The adder bites you but does no damage.
You miss the adder.
The adder is severely wounded.
You feel sick.
You are no longer poisoned.
The adder bites you.
* * * LOW HITPOINT WARNING * * *
The adder bites you but does no damage.
You feel very mighty all of a sudden. The adder bites you.
* * * LOW HITPOINT WARNING * * *
Your scale mail prevents you from hitting the adder.
The adder is severely wounded.
The adder bites you but does no damage. x2
You closely miss the adder.
The adder is severely wounded.
You block the adder's attack. The adder bites you.
* * * LOW HITPOINT WARNING * * *
You are lethally poisoned!
The adder poisons you!
You slice the adder!!
You kill the adder!
* * * LOW HITPOINT WARNING * * *
You feel sick.
You die...

.. .#. ######. .#.
#.######## ......)#...
...((.... ...........
......).# ..........#
#.# ###........S.#
#.###@##..............
#.....(..# #..<).#
#####.#(.# #.....#
##.#####....###
#.....#
#.............#
#.....#
#.#######..##.#
##..... #....##.#
#....# #.#...#.#
#.#... #.#.#.#.# #.
.##


There were no monsters in sight!

Vanquished Creatures
  An adder (D:2)
  A dart slug (D:1)
  A ball python (D:1)
  3 endoplasms (D:1)
  A giant cockroach (D:1)
  2 goblins
  2 hobgoblins (D:1)
  2 quokkas (D:1)
  2 frilled lizards (D:1)
  3 kobolds (D:1)
  A rat (D:1)
19 creatures vanquished.

Notes
Turn   | Place    | Note
-------+----------+-------------------------------------------
     0 | D:1      | Gwenloh the Human Fighter began the quest for the Orb.
     0 | D:1      | Reached XP level 1. HP: 18/18 MP: 1/1
   184 | D:1      | Reached XP level 2. HP: 20/24 MP: 2/2
   859 | D:1      | Reached XP level 3. HP: 29/29 MP: 3/3
   997 | D:2      | Found a bloodstained altar of Trog.
  1098 | D:2      | HP: 1/29 [poisoned by an adder]
  1099 | D:2      | Succumbed to an adder's poison

Illustrated notes

Levels and vault maps discovered:
D:1:      saegor_arrival_simple_c, layout_basic
D:2:      layout_basic, basic_altar, ebering_ecumenical_altar_ruins,
          serial_shops, nicolae_lakefront_shop

Action                   || total
-------------------------++-------
Melee: Long sword        ||    57
Throw: Stone             ||     4
  Use: Potion            ||     1
Armor: Scale mail        ||    27
Dodge: Dodged            ||    15
Block: Buckler           ||     9

Table legend: (Time is in decaauts)
 A = Elapsed time spent in this place.
 B = Non-inter-level travel time spent in this place.
 C = Inter-level travel time spent in this place.
 D = Time resting spent in this place.
 E = Time spent auto-exploring this place.
 F = Levels seen in this place.
 G = Mean time per level.
                   A        B        C        D        E       F      G
               +--------+--------+--------+--------+--------+-----+--------+
         Total |   1117 |   1063 |     54 |    100 |    774 |   2 |  558.5 |
       Dungeon |   1117 |   1063 |     54 |    100 |    774 |   2 |  558.5 |
               +--------+--------+--------+--------+--------+-----+--------+

Top non-repeatable levels by time:
     D:1: 1006 daAuts
     D:2: 110 daAuts
